 Dungeon Crawl Stone Soup version 0.17-a0-229-g5ae695d (webtiles) character file.

56 xeno23 the Conjurer (level 3, 0/26 HPs)
             Began as a Draconian Conjurer on Mar 29, 2015.
             Slain by a worker ant (3 damage)
             ... on level 2 of the Dungeon.
             The game lasted 00:04:47 (1376 turns).

xeno23 the Conjurer (Draconian Conjurer)            Turns: 1376, Time: 00:04:47

Health: 0/26       AC:  5    Str: 10    XL:     3   Next: 69%
Magic:  2/6        EV: 12    Int: 16    God:
Gold:   46         SH:  0    Dex: 11    Spells: 1 memorised, 6 levels left

rFire  . . .     SeeInvis .     a - +0 short sword
rCold  . . .     Clarity  .     (armour unavailable)
rNeg   . . .     SustAb   .     (no shield)
rPois  .         Gourm    .     (helmet restricted)
rElec  .         Spirit   .     (no cloak)
rCorr  .         Warding  .     (no gloves)
rMut   .         Stasis   .     (no boots)
MR     .....                    (no amulet)
Stlth  ++........               (no ring)
                                (no ring)

@: lethally poisoned (0 -> -11), not resistant to hostile enchantments,
unstealthy
A: unfitting armour, cold-blooded, AC +5
a: no special abilities


You were on level 2 of the Dungeon.
You were not hungry.

You visited 1 branch of the dungeon, and saw 2 of its levels.

You collected 46 gold pieces.

Inventory:

Hand weapons
 a - a +0 short sword (weapon)
 h - a +0 spear
Scrolls
 e - a scroll of amnesia {unknown}
 f - a scroll of remove curse {unknown}
 g - a scroll of teleportation
 i - a scroll of immolation {unknown}
 j - 2 scrolls of identify {unknown}
 l - 2 scrolls of enchant armour {unknown}
 m - a scroll of fear {unknown}
 n - a scroll of enchant weapon {unknown}
 p - a scroll of fog {unknown}
Potions
 d - a potion of curing {unknown}
 o - 2 potions of lignification {unknown}
 q - a potion of brilliance {unknown}
Books
 c - a book of Conjurations

   Spells                             Type                      Level
   a - Magic Dart                     Conjuration                  1
   b - Searing Ray                    Conjuration                  2
   c - Dazzling Spray                 Conjuration/Hexes            3
   d - Fulminant Prism                Conjuration/Hexes            4
   e - Iskenderun's Mystic Blast      Conjuration                  4
   f - Iskenderun's Battlesphere      Conjuration/Charms           5
Comestibles
 b - 3 bread rations
 k - a chunk of flesh
 r - a fruit


   Skills:
 - Level 1.7 Dodging
 - Level 1.7 Stealth
 * Level 2.8 Spellcasting
 * Level 4.9 Conjurations


You had 6 spell levels left.
You knew the following spells:

 Your Spells              Type           Power        Failure   Level  Hunger
a - Magic Dart            Conj           ###.         2%          1    #......


Dungeon Overview and Level Annotations

Branches:
Dungeon (2/15)

Altars:
The Shining One


Innate Abilities, Weirdness & Mutations

Your plain brown scales are hard (AC +5).
Your body does not fit into most forms of armour.
You are cold-blooded and may be slowed by cold attacks.


Message History

Press: ? - help, Shift-Dir - straight line, f/p - worker ant
Aim: a worker ant (severely wounded)
The magic dart hits the worker ant.
The worker ant is almost dead.
* * * LOW HITPOINT WARNING * * *
You feel sick. The worker ant bites you.
* * * LOW HITPOINT WARNING * * *
You are more poisoned.
The worker ant poisons you!
You take 4 damage.
Casting: Magic Dart
Confirm with . or Enter, or press ? or * to list all spells.
Aiming: Magic Dart
Press: ? - help, Shift-Dir - straight line, f/p - worker ant
Aim: a worker ant (almost dead)
The magic dart hits the worker ant.
The worker ant is almost dead.
* * * LOW HITPOINT WARNING * * *
You feel sick. The worker ant bites you.
You die...

..## +#..## #.###
# .....##..###.#
. ..... ##...#.#
..## ..._..
###...# ...#
...... ##...###
#..##.....##..###
#..##...##..##
#..## ##..##
#@a###..##
##..#..## ##.#..#
#....# ##.#.#
#.#.# #$..# ###.#
#.#


You could see a worker ant.

Vanquished Creatures
  3 adders (D:2)
  4 giant cockroaches (D:1)
  2 hobgoblins (D:1)
  3 kobolds
  3 bats
  3 giant geckos
  A giant newt (D:1)
  2 goblins (D:1)
  A quokka (D:2)
  11 rats
33 creatures vanquished.

Notes
Turn   | Place    | Note
--------------------------------------------------------------
     0 | D:1      | xeno23, the Draconian Conjurer, began the quest for the Orb.
     0 | D:1      | Reached XP level 1. HP: 14/14 MP: 3/3
   301 | D:1      | Reached XP level 2. HP: 10/20 MP: 2/4
   919 | D:2      | Reached XP level 3. HP: 18/26 MP: 0/6
  1359 | D:2      | Found a glowing golden altar of the Shining One.
  1376 | D:2      | Slain by a worker ant

Action                   || total
-------------------------++-------
Melee: Unarmed           ||    19
       Short sword       ||   100
 Cast: Magic Dart        ||    24
  Use: Scroll            ||     1
 Stab: Sleeping          ||     2
       Distracted        ||     1
  Eat: Chunk             ||     2
